 Dungeon Crawl Stone Soup version 0.31-a0-240-gb923e448b6 (webtiles) character file.

Game seed: 576490400692601622

5183 Nattfarinn the Mimic (level 10, -21/84 HPs)
             Began as a Formicid Shapeshifter on July 12, 2023.
             Was a Priest of Uskayaw.
             Demolished by an orc warlord
             ... wielding a +7 battleaxe
              (35 damage)
             ... in a bailey.
             The game lasted 00:16:09 (6708 turns).

Nattfarinn the Mimic (Formicid Shapeshifter)        Turns: 6708, Time: 00:16:10

Health: -21/84     AC: 14    Str: 28    XL:     10   Next: 90%
Magic:  6/14       EV: 10    Int:  9    God:    Uskayaw [***...]
Gold:   372        SH:  0    Dex: 14    Spells: 9/9 levels left

rFire   . .          .
                       - Unarmed
rCold   . . .        (shield currently unavailable)
rNeg    . . .        g - melded +0 chain mail
rPois   .            (helmet unavailable)
rElec   .            (cloak currently unavailable)
rCorr   .            (gloves currently unavailable)
SInv    .            (boots currently unavailable)
Will    +....        (no amulet)
Stlth   +            k - +4 ring of protection
HPRegen 0.34/turn    (no ring)
MPRegen 0.14/turn

%: no passive effects
@: snake-form
A: constrict, amphibious, boosted hp, permanent stasis, dig shafts and tunnels,
large, (antennae 3), four strong arms
a: Renounce Religion, Stomp, Line Pass


You were in a bailey.
You worshipped Uskayaw.
Uskayaw was noncommittal.
You were an enormous anaconda.
You visited 1 branch of the dungeon, and saw 8 of its levels.
You also visited: Bailey.

You collected 394 gold pieces.
You spent 22 gold pieces at shops.

Inventory:

Armour
 a - a +0 animal skin
 g - a +0 chain mail (melded)
 j - a +0 pair of gloves
 l - a +3 leather armour of willpower
Jewellery
 k - a +4 ring of protection (left hand)
 z - an amulet of reflection
Talismans
 c - a beast talisman
 e - a serpent talisman
 m - a maw talisman
Wands
 b - a wand of mindburst (12)
 f - a wand of flame (8)
 q - a wand of digging (9)
 w - a wand of polymorph (4)
 y - a wand of light (4)
Scrolls
 n - 3 scrolls of poison
 o - a scroll of amnesia
 p - 4 scrolls of fog
 s - a scroll of identify
 t - a scroll of enchant weapon
 v - 3 scrolls of fear {unknown}
 x - a scroll of noise {unknown}
 D - a scroll of revelation {unknown}
Potions
 d - a potion of might {unknown}
 h - 4 potions of curing
 i - 3 potions of mutation
 r - a potion of degeneration {unknown}
 u - 3 potions of enlightenment {unknown}
 A - a potion of haste {unknown}
 B - a potion of magic {unknown}
 C - 2 potions of cancellation {unknown}


   Skills:
 - Level 3.0 Fighting
 - Level 1.7 Dodging
 * Level 8.1 Unarmed Combat
 + Level 5.8 Invocations
 - Level 11.6 Shapeshifting


You had 9 spell levels left.
You didn't know any spells.
Your spell library contained the following spells:

 Spells                   Type           Power      Damage    Failure   Level
 Apportation              Tloc           0%         N/A       92%         1
 Necrotise                Necr           0%         1d4       92%         1
 Summon Small Mammal      Summ           0%         N/A       92%         1
 Alistair's Intoxication  Tmut/Pois      0%         N/A       100%        5
 Arcjolt                  Conj/Air       0%         1d10      100%        5
 Plasma Beam              Fire/Air       0%         2x1d10    100%        6
 Vhi's Electric Charge    Tloc/Air       Unusable   N/A       N/A         3

Dungeon Overview and Level Annotations

Branches:
Dungeon (8/15)             Temple (0/1) D:7          Bailey (1/1)
   Lair: D:8-11

Altars:
Ashenzari
Sif Muna
Uskayaw

Shops:
D:4 *   D:5 :

Annotations:
D:7 1 transporter, Soborki's ghost, novice MiBe


Innate Abilities, Weirdness & Mutations

You are an enormous anaconda.
You have a powerful constriction melee attack.
You are amphibious.
Your maximum health is increased.
Your spellcasting is less reliable in this form.
Your armour is entirely melded.
You are incapable of wielding weapons or throwing items.
You cannot be hasted, slowed, berserked, paralysed or teleported.
You can dig through walls and to a lower floor.
((You have a pair of large antennae on your head. (SInv)))
Your four strong arms can wield two-handed weapons with a shield.


Message History

Your Unarmed Combat skill increases to level 8!
The orc warrior is no longer paralysed.
The goblin is no longer paralysed.
You barely miss the orc warlord. You grab the orc warlord.
You constrict the orc warlord, but do no damage.
The hobgoblin is no longer paralysed.
The orc warlord misses you.
You body-slam the orc warlord!!
You kill the goblin!
You kill the hobgoblin!
The orc warlord is moderately wounded.
You constrict the orc warlord.
You kill the orc warrior!
The orc warlord hits you with a +7 battleaxe!!
Aiming: Line Pass
Press: ? - help, Dir - move target
Okay, then.
Okay, then.
You hit the orc warlord but do no damage.
The orc warlord is moderately wounded.
You constrict the orc warlord.
The orc warlord is no longer sharing its pain.
The orc warlord hits you with a +7 battleaxe!
* * * LOW HITPOINT WARNING * * *
Okay, then.
Okay, then.
Aiming: Line Pass
Press: ? - help, Dir - move target The orc warlord appears confused.
You constrict the orc warlord, but do no damage.
You hit the orc warlord but do no damage.
The orc warlord is moderately wounded.
You constrict the orc warlord.
The orc warlord seems less confused.
The orc warlord closely misses you.
Aiming: Line Pass
Press: ? - help, Dir - move target, f - orc warlord
Aim: an orc warlord, wielding a +7 battleaxe and wearing a +0 crystal plate armour (moderately wounded, constricted by you)
You can't stand on top of the monster!
Aiming: Line Pass
Press: ? - help, Dir - move target, p - orc warlord The orc warlord appears confused.
You constrict the orc warlord!
The orc warlord hits you with a +7 battleaxe!!
You die...

#.........).#.........
#.........).#.......))
###.........###.....)).
###.#'#.....###.###....)#
###...))###.###.....###.###
##.........###....... ###..
#..........8##....... #...
#?.........8#)....... #...
#∩....⌠....So))...... #...
#..........8#........ #...
#..........8##....... #...
##?........###....... ###..
###.....###.###.....###.###
###.#'#.....###.###.....#
###.).......###........
#)))........#.........
#...........#.........


You could see an orc warlord (confused).

Vanquished Creatures
  An orc knight (Bailey)
  Maggie (D:6)
  Grinder (D:6)
  5 humans (D:6)
  Eustachio (D:6)
  A wyvern (D:7)
  An acid dragon (D:8)
  A water moccasin (D:5)
  A sky beast (D:4)
  A black bear (D:5)
  9 orc warriors (Bailey)
  2 ice beasts
  3 ogres
  2 phantoms
  2 bullfrogs
  A scorpion (D:7)
  6 killer bees (D:7)
  3 hounds
  A gnoll bouda (D:7)
  3 jellies
  4 orc priests
  4 iguanas
  2 sleepcaps
  Ijyb (D:3)
  9 orc wizards
  5 adders
  10 gnolls
  A white imp (D:8)
  3 worms
  28 orcs
  5 endoplasms
  2 giant cockroaches
  21 goblins
  25 hobgoblins
  3 jackals (D:1)
  7 quokkas
  10 ball pythons
  3 bats
  4 frilled lizards
  10 kobolds
  5 rats
208 creatures vanquished.

Notes
Turn   | Place    | Note
-------+----------+-------------------------------------------
     0 | D:1      | Nattfarinn the Formicid Shapeshifter began the quest for
                  | the Orb.
     0 | D:1      | Reached XP level 1. HP: 16/16 MP: 1/1
   129 | D:1      | Reached XP level 2. HP: 23/23 MP: 2/2
   476 | D:1      | Reached XP level 3. HP: 27/28 MP: 3/3
  1565 | D:2      | Reached XP level 4. HP: 34/34 MP: 4/4
  1973 | D:3      | Noticed Ijyb
  1993 | D:3      | Killed Ijyb
  1994 | D:3      | Reached skill level 4 in Shapeshifting
  1994 | D:3      | Reached XP level 5. HP: 35/41 MP: 5/5
  2568 | D:3      | Found a hide-covered altar of Uskayaw.
  2866 | D:4      | Reached skill level 5 in Shapeshifting
  2873 | D:4      | Reached XP level 6. HP: 47/47 MP: 6/6
  2923 | D:4      | Found Lezet's Specific Store.
  2927 | D:4      | Found Womep's General Store.
  2935 | D:4      | Bought a scroll of identify for 22 gold pieces
  3077 | D:4      | Noticed a sky beast
  3098 | D:4      | Killed a sky beast
  3099 | D:4      | Reached skill level 6 in Shapeshifting
  3099 | D:4      | Reached XP level 7. HP: 38/52 MP: 7/7
  3353 | D:5      | Entered Level 5 of the Dungeon
  3490 | D:5      | Reached skill level 7 in Shapeshifting
  3669 | D:5      | Noticed a water moccasin
  3684 | D:5      | Killed a water moccasin
  3696 | D:5      | Reached XP level 8. HP: 50/58 MP: 8/8
  3825 | D:5      | Found Omeil's Book Emporium.
  3847 | D:5      | Reached skill level 8 in Shapeshifting
  4233 | D:6      | Noticed Eustachio
  4233 | D:6      | Noticed Grinder
  4266 | D:6      | Killed Grinder
  4267 | D:6      | Reached skill level 9 in Shapeshifting
  4286 | D:6      | Killed Eustachio
  4362 | D:6      | Noticed a human
  4391 | D:6      | Noticed a human
  4391 | D:6      | Noticed a human
  4391 | D:6      | Noticed a human
  4395 | D:6      | Killed a human
  4396 | D:6      | Reached XP level 9. HP: 63/63 MP: 9/9
  4402 | D:6      | Reached skill level 10 in Shapeshifting
  4430 | D:6      | Noticed Maggie
  4600 | D:6      | Reached skill level 11 in Shapeshifting
  4693 | D:6      | Killed Maggie
  4980 | D:3      | Became a worshipper of Uskayaw the Reveller
  5061 | D:7      | Reached * piety under Uskayaw
  5066 | D:7      | Reached ** piety under Uskayaw
  5098 | D:7      | Reached skill level 1 in Invocations
  5098 | D:7      | Reached XP level 10. HP: 70/70 MP: 9/11
  5103 | D:7      | Reached *** piety under Uskayaw
  5135 | D:7      | Noticed Soborki's ghost (novice MiBe)
  5139 | D:7      | Found a transporter.
  5356 | D:7      | Reached skill level 5 in Unarmed Combat
  5359 | D:7      | Reached **** piety under Uskayaw
  5364 | D:7      | Reached ***** piety under Uskayaw
  5373 | D:7      | Found a staircase to the Ecumenical Temple.
  5682 | D:7      | Found a broken altar of Ashenzari.
  5682 | D:7      | Found a shimmering blue altar of Sif Muna.
  6210 | D:8      | Found a flagged portal.
  6235 | Bailey   | Entered a bailey
  6317 | Bailey   | Noticed an orc knight
  6328 | Bailey   | Killed an orc knight
  6419 | Bailey   | Reached skill level 5 in Invocations
  6685 | Bailey   | Noticed an orc warlord
  6708 | Bailey   | Demolished by an orc warlord

Illustrated notes

Levels and vault maps discovered:
D:1:      kennysheep_arrival_seaside, layout_rooms
D:2:      layout_basic
D:3:      cheibrodos_pilgrimage, layout_basic, nicolae_uskayaw_dance_hall,
          minmay_goblin_kobold_house, uniq_ijyb
D:4:      layout_basic, skrybe_limestone_x, nicolae_specific_store,
          kennysheep_generic_room_6
D:5:      layout_loops_cross, serial_shops, shop_statue
D:6:      layout_rooms, minmay_ruffians, uniq_eustachio, uniq_grinder,
          uniq_maggie
D:7:      cheibrodos_quashed, layout_cave_pools,
          chequers_temple_overflow_statue_of_worship, minmay_temple_entry_glass,
          gammafunk_ghost_smash
D:8:      layout_loops_ring, gammafunk_temple_overflow_pools, enter_bailey_3
Bailey:   bailey_axe_minmay_hex_keep, bailey

Skill      XL: |  1  2  3  4  5  6  7  8  9 10 |
---------------+-------------------------------+-----
Unarmed Combat | 3 4 8 |  8.1
Fighting       | 3 |  3.0
Shapeshifting  | 4 5 6 7 9 11 | 11.6
Invocations    | 1 5 |  5.8
Dodging        | |  1.7

Action                     |  1- 3 |  4- 6 |  7- 9 | 10-12 || total
---------------------------+-------+-------+-------+-------++-------
  Melee: Unarmed           |    89 |   100 |   143 |   167 ||   499
         Punch             |     1 |     4 |     3 |       ||     8
         Constrict         |       |       |    13 |    43 ||    56
 Invoke: Stomp             |       |       |       |     2 ||     2
         Line Pass         |       |       |       |     2 ||     2
    Use: Scroll            |       |     3 |     5 |       ||     8
         Potion            |       |     1 |       |       ||     1
   Stab: Sleeping          |     3 |       |       |       ||     3
         Paralysed         |       |       |       |    16 ||    16
 Armour: Animal skin       |    11 |       |       |       ||    11
         Chain mail        |     2 |    30 |    36 |       ||    68
         Skin              |       |     2 |    22 |    72 ||    96
  Dodge: Dodged            |    35 |    29 |    61 |    79 ||   204
   Form: Anaconda          |       |       |     1 |       ||     1

Table legend: (Time is in decaauts)
 A = Elapsed time spent in this place.
 B = Non-inter-level travel time spent in this place.
 C = Inter-level travel time spent in this place.
 D = Time resting spent in this place.
 E = Time spent auto-exploring this place.
 F = Levels seen in this place.
 G = Mean time per level.
                   A        B        C        D        E       F      G
               +--------+--------+--------+--------+--------+-----+--------+
         Total |   6674 |   6004 |    670 |    104 |   4790 |   9 |  741.6 |
       Dungeon |   6212 |   5542 |    670 |    104 |   4431 |   8 |  776.5 |
        Bailey |    462 |    462 |      0 |      0 |    359 |   1 |  462.0 |
               +--------+--------+--------+--------+--------+-----+--------+

Top non-repeatable levels by time:
     D:2: 1159 daAuts
     D:3: 1129 daAuts
     D:7: 862 daAuts
     D:5: 789 daAuts
     D:6: 743 daAuts
     D:1: 655 daAuts
     D:4: 534 daAuts
  Bailey: 462 daAuts
     D:8: 338 daAuts
